[Event "58th Akiba Rubinstein B 2022"]
[Site "Polanica-Zdroj"]
[Date "2022.08.17"]
[Round "5.9"]
[White "Twardowski, Hubert"]
[Black "Smukowski, Bartosz"]
[Result "*"]
[ECO "D20"]
[WhiteElo "1849"]
[BlackElo "1696"]
[Annotator "NA RC"]
[PlyCount "42"]
[EventDate "2022.08.13"]
[EventCountry "POL"]
[SourceTitle "playchess.com"]
[Source "ChessBase"]
[SourceQuality "1"]
[TimeControl "40/5400+30:1800+30"]

1. d4 d5 2. c4 dxc4 3. e4 e5 4. d5 c6 5. Bxc4 Nf6 6. Bg5 h6 7. Bxf6 Qxf6 8. Nf3 Bb4+ 9. Nbd2 Bg4 10. Qb3 Bxd2+ 11. Nxd2 Bc8 12. O-O O-O 13. Qg3 Nd7 14. dxc6 bxc6 15. Rac1 Nb6 16. Bb3 Ba6 17. Rfd1 Be2 18. Re1 Ba6 19. Red1 Be2 20. Re1 Ba6 21. Nf3 Rfe8 *

[Event "58th Akiba Rubinstein B 2022"]
[Site "Polanica-Zdroj"]
[Date "2022.08.17"]
[Round "5.9"]
[White "Jankowski, Aleksander"]
[Black "Wilk, Aleksander"]
[Result "1/2-1/2"]
[ECO "D20"]
[WhiteElo "1715"]
[BlackElo "1569"]
[Annotator "NA RC"]
[PlyCount "102"]
[EventDate "2022.08.13"]
[EventCountry "POL"]
[SourceTitle "playchess.com"]
[Source "ChessBase"]
[SourceQuality "1"]
[TimeControl "40/5400+30:1800+30"]

1. d4 d5 2. c4 dxc4 3. e4 e5 4. d5 c6 5. Bxc4 Nf6 6. Bg5 h6 7. Bxf6 Qxf6 8. Nf3 Bb4+ 9. Nbd2 Bg4 10. Qb3 Bxd2+ 11. Nxd2 Bc8 12. O-O O-O 13. Qg3 Nd7 14. dxc6 bxc6 15. Rac1 Nb6 16. Bb3 Ba6 17. Rfd1 Be2 18. Re1 Ba6 19. Red1 Be2 20. Re1 Ba6 21. Nf3 Rfe8 22. Nh4 c5 23. Rxc5 Rac8 24. Rec1 Rxc5 25. Rxc5 Rc8 26. Rxc8+ Nxc8 27. Nf5 Nd6 28. Nxd6 Qxd6 29. Qf3 Qc7 30. Qc3 Qxc3 31. bxc3 Kf8 32. f3 f6 33. Kf2 Ke7 34. Ke3 Kd6 35. f4 Bf1 36. g3 g5 37. h4 exf4+ 38. gxf4 gxh4 39. Kf3 h3 40. Kg3 Bg2 41. Bc2 h5 42. Bd3 h4+ 43. Kh2 a5 44. a3 Kc5 45. Kg1 Kd6 46. c4 Bf3 47. Kh2 Bg2 48. Bc2 Bf1 49. Bb1 Kc5 50. e5 fxe5 51. fxe5 Bxc4 1/2-1/2

[Event "58th Akiba Rubinstein B 2022"]
[Site "Polanica-Zdroj"]
[Date "2022.08.17"]
[Round "5.10"]
[White "Trusz, Julia"]
[Black "Owoc, Jakub"]
[Result "1/2-1/2"]
[ECO "A11"]
[WhiteElo "1706"]
[BlackElo "1756"]
[Annotator "NA RC"]
[PlyCount "46"]
[EventDate "2022.08.13"]
[EventCountry "POL"]
[SourceTitle "playchess.com"]
[Source "ChessBase"]
[SourceQuality "1"]
[TimeControl "40/5400+30:1800+30"]

1. c4 c6 2. g3 d5 3. Bg2 Nf6 4. Nf3 e6 5. cxd5 exd5 6. d4 Bd6 7. Bf4 O-O 8. O-O Bxf4 9. gxf4 Ne4 10. Nbd2 Bf5 11. Nxe4 Bxe4 12. Ng5 Bxg2 13. Kxg2 Nd7 14. e3 Nf6 15. Rg1 Ne4 16. Nxe4 dxe4 17. Kh1 f5 18. Qb3+ Rf7 19. Rg5 Qd7 20. Rag1 Kh8 21. Qc4 Rg8 22. Qe2 Rf6 23. Qh5 Qf7 1/2-1/2

[Event "58th Akiba Rubinstein B 2022"]
[Site "Polanica-Zdroj"]
[Date "2022.08.17"]
[Round "5.11"]
[White "Lewandrowski, Tomasz"]
[Black "Wesolek, Krzysztof"]
[Result "1/2-1/2"]
[ECO "D00"]
[WhiteElo "1902"]
[BlackElo "1747"]
[Annotator "TA"]
[PlyCount "93"]
[EventDate "2022.08.13"]
[EventCountry "POL"]
[SourceTitle "playchess.com"]
[Source "ChessBase"]
[SourceQuality "1"]
[TimeControl "40/5400+30:1800+30"]

1. d4 d5 2. Nc3 Nf6 3. Bf4 a6 4. e3 e6 5. h4 c5 6. dxc5 {[%emt 0:00:54] D00: 1 d4 d5: Unusual lines.} Bxc5 {[%emt 0:00:20] [#]} 7. Qd2 $146 (7. h5 $15 {is more appropriate.}) ({Predecessor:} 7. Bd3 Nc6 8. Nf3 Qe7 9. Ne5 Bd6 10. Ng4 Bxf4 11. exf4 Nd7 12. g3 h5 13. Nh2 {½-½ (44) Milovic,A (2129)-Alboredo,J (2264) Chennai 2022}) 7... Nbd7 8. O-O-O {[%emt 0:02:42] Black is better.} b5 9. f3 Bb7 10. g4 Rc8 11. Kb1 Qe7 12. h5 h6 ({Black should try} 12... Nb6 $17 {Strongly threatening ...b4.} 13. h6 g6) 13. g5 $1 $15 hxg5 14. Bxg5 Bb4 $36 {[%emt 0:00:31][%mdl 2048] White is under pressure.} 15. Nge2 Ne5 (15... Ba5 $5 16. Qc1 b4 $15) 16. Bg2 {[%emt 0:07:29] [#] Black converts the advantage convincingly.} (16. Rh3 $1 $11) 16... Nc4 (16... Ne4 $1 $17 17. Nxe4 Bxd2 18. Bxe7 dxe4 19. fxe4 Nc4) 17. Qd3 {[%emt 0:04:09] [#]} (17. Qc1 $1 $15) 17... Nxb2 $1 18. Kxb2 {[%emt 0:12:15] Ka1 is the strong threat.} Bxc3+ 19. Nxc3 Qb4+ {[%emt 0:00:08][%mdl 64] Deflection} 20. Ka1 {[%emt 0:00:40][%cal Oh5h6] Threatens to win with h6!} Rxc3 21. Qe2 (21. Qd2 {was called for.} Qc5 22. Kb1) 21... Rc4 22. Rd3 Rxh5 23. Rxh5 Nxh5 24. e4 Qc5 25. Kb1 Nf6 26. e5 Nd7 27. f4 g6 28. Rh3 $2 (28. Bf3 {might work better.}) 28... Qd4 $2 (28... Nb6 $19 {and Black stays clearly on top.} 29. Bf1 Na4) 29. Rh8+ Nf8 30. Bh6 $2 (30. Rh3) 30... Rb4+ $19 31. Kc1 Qa1+ 32. Kd2 Rd4+ 33. Ke3 {[%emt 0:00:49] [#]} Qc3+ $1 34. Kf2 Rd2 35. Rxf8+ Ke7 {[%emt 0:00:22][%cal Od5d4] And now ...d4! would win.} 36. Rb8 Rxe2+ 37. Kxe2 Qxc2+ 38. Kf1 Qd1+ 39. Kf2 Qd2+ 40. Kg3 Qe1+ 41. Kg4 Qd1+ 42. Kg3 Bc6 43. Bg5+ Kd7 44. Rf8 Kc7 45. Bd8+ Kd7 46. Bg5 $1 Kc7 47. Bd8+ $1 {[%mdl 32768] Weighted Error Value: White=0.70/Black=0.30. An unexpected result.} 1/2-1/2

[Event "58th Akiba Rubinstein B 2022"]
[Site "Polanica-Zdroj"]
[Date "2022.08.17"]
[Round "5.11"]
[White "Graff, Slawomir"]
[Black "Terkiewicz, Bruno"]
[Result "*"]
[ECO "D00"]
[WhiteElo "1782"]
[BlackElo "1473"]
[Annotator "NA RC"]
[PlyCount "30"]
[EventDate "2022.08.13"]
[EventCountry "POL"]
[SourceTitle "playchess.com"]
[Source "ChessBase"]
[SourceQuality "1"]
[TimeControl "40/5400+30:1800+30"]

1. d4 d5 2. Nc3 Nf6 3. Bf4 a6 4. e3 e6 5. h4 c5 6. dxc5 Bxc5 7. Qd2 Nbd7 8. O-O-O b5 9. f3 Bb7 10. g4 Rc8 11. Kb1 Qe7 12. h5 h6 13. g5 hxg5 14. Bxg5 Bb4 15. Nge2 Ne5 *

[Event "58th Akiba Rubinstein B 2022"]
[Site "Polanica-Zdroj"]
[Date "2022.08.17"]
[Round "5.12"]
[White "Turek, Michal"]
[Black "Penza, Denis"]
[Result "1/2-1/2"]
[ECO "C15"]
[WhiteElo "1681"]
[BlackElo "1836"]
[Annotator "NA RC"]
[PlyCount "141"]
[EventDate "2022.08.13"]
[EventCountry "POL"]
[SourceTitle "playchess.com"]
[Source "ChessBase"]
[SourceQuality "1"]
[TimeControl "40/5400+30:1800+30"]

1. e4 e6 2. d4 d5 3. Nc3 Bb4 4. Nge2 dxe4 5. a3 Bxc3+ 6. Nxc3 Nc6 7. d5 Nce7 8. dxe6 Qxd1+ 9. Kxd1 Bxe6 10. Nxe4 O-O-O+ 11. Ke1 h6 12. Bd3 Nc6 13. f4 Nge7 14. Kf2 Rhe8 15. Re1 Kb8 16. b4 Nc8 17. Bb2 f6 18. Ng3 Nd6 19. Nh5 Rd7 20. f5 Bg8 21. Rxe8+ Nxe8 22. Re1 Re7 23. Rxe7 Nxe7 24. g4 Nd5 25. c4 Nb6 26. c5 Nd5 27. Kf3 c6 28. Bc4 Kc8 29. Ng3 Kd7 30. Ne4 Ne7 31. Bxg8 Nxg8 32. h4 Ne7 33. Ng3 Nd5 34. Ke4 a6 35. Nh5 Ke7 36. Bc1 Kf7 37. g5 hxg5 38. hxg5 fxg5 39. Bxg5 g6 40. Ng3 gxf5+ 41. Nxf5 Ke6 42. Nd4+ Kd7 43. Kd3 Nec7 44. Kc4 Ne6 45. Nxe6 Kxe6 46. a4 Kf5 47. Bd2 Ke4 48. b5 axb5+ 49. axb5 Nc7 50. bxc6 bxc6 51. Bc1 Na6 52. Bd2 Nb8 53. Bc3 Nd7 54. Bb2 Ne5+ 55. Bxe5 Kxe5 56. Kc3 Kd5 57. Kd3 Kxc5 58. Kc3 Kd5 59. Kd3 c5 60. Kc3 c4 61. Kc2 Kd4 62. Kd2 Kd5 63. Kc2 Kc5 64. Kc3 Kb5 65. Kc2 Kb4 66. Kb2 c3+ 67. Kc1 Kc4 68. Kc2 Kd4 69. Kc1 Kd3 70. Kd1 c2+ 71. Kc1 1/2-1/2

[Event "58th Akiba Rubinstein B 2022"]
[Site "Polanica-Zdroj"]
[Date "2022.08.17"]
[Round "5.12"]
[White "Ochenduszko, Bartosz"]
[Black "Kossowski, Pawel"]
[Result "*"]
[ECO "C10"]
[WhiteElo "1546"]
[BlackElo "1737"]
[Annotator "NA RC"]
[PlyCount "38"]
[EventDate "2022.08.13"]
[EventCountry "POL"]
[SourceTitle "playchess.com"]
[Source "ChessBase"]
[SourceQuality "1"]
[TimeControl "40/5400+30:1800+30"]

1. e4 e6 2. d4 d5 3. Nc3 Bb4 4. Nge2 dxe4 5. a3 Bxc3+ 6. Nxc3 Nc6 7. d5 Nce7 8. dxe6 Qxd1+ 9. Kxd1 Bxe6 10. Nxe4 O-O-O+ 11. Ke1 h6 12. Bd3 Nc6 13. f4 Nge7 14. Kf2 Rhe8 15. Re1 Kb8 16. b4 Nc8 17. Bb2 f6 18. Ng3 Nd6 19. Nh5 Rd7 *

[Event "58th Akiba Rubinstein B 2022"]
[Site "Polanica-Zdroj"]
[Date "2022.08.17"]
[Round "5.13"]
[White "Jankowski, Aleksander"]
[Black "Wilk, Aleksander"]
[Result "*"]
[ECO "B32"]
[WhiteElo "1715"]
[BlackElo "1569"]
[Annotator "NA RC"]
[PlyCount "45"]
[EventDate "2022.08.13"]
[EventCountry "POL"]
[SourceTitle "playchess.com"]
[Source "ChessBase"]
[SourceQuality "1"]
[TimeControl "40/5400+30:1800+30"]

1. e4 c5 2. Nf3 Nc6 3. d4 cxd4 4. Nxd4 Nf6 5. Nc3 d6 6. Bg5 e6 7. Qd2 Be7 8. O-O-O a6 9. Bxf6 gxf6 10. f4 Bd7 11. Be2 Rc8 12. Rhf1 b5 13. Bh5 b4 14. Nce2 Qa5 15. Kb1 Qxh5 16. f5 e5 17. Nb3 a5 18. Nc5 Nd4 19. Nxd4 Rxc5 20. Nf3 Qg4 21. Qe1 Bc6 22. Nd2 Kd7 23. Nb3 *

[Event "58th Akiba Rubinstein B 2022"]
[Site "Polanica-Zdroj"]
[Date "2022.08.17"]
[Round "5.13"]
[White "Blaszkiewicz, Jakub"]
[Black "Bednarczyk, Mateusz"]
[Result "0-1"]
[ECO "B63"]
[WhiteElo "1405"]
[BlackElo "1925"]
[Annotator "TA"]
[PlyCount "64"]
[EventDate "2022.08.13"]
[EventCountry "POL"]
[SourceTitle "playchess.com"]
[Source "ChessBase"]
[SourceQuality "1"]
[TimeControl "40/5400+30:1800+30"]

1. e4 c5 2. Nf3 Nc6 3. d4 cxd4 4. Nxd4 Nf6 5. Nc3 d6 6. Bg5 e6 7. Qd2 Be7 8. O-O-O a6 $1 {[%emt 0:01:38][%mdl 4] is currently scoring better than 8...0-0.} 9. Bxf6 gxf6 {[%emt 0:00:29] B66: Sicilian: Richter-Rauzer: 7...a6 8 0-0-0 h6.} 10. f4 Bd7 11. Be2 Rc8 {[#] White is slightly better.} 12. Rhf1 $146 ({Predecessor:} 12. f5 Qa5 13. Bh5 Nb4 14. Kb1 Rxc3 15. Qxc3 Qxa2+ 16. Kc1 Bf8 17. Kd2 Bh6+ 18. Ke2 {1-0 (37) Schmid,L-Sumar,J Dubrovnik 1950}) 12... b5 13. Bh5 {[#]} (13. f5 $14 {stays ahead.}) 13... b4 $1 $17 {[%emt 0:01:29] Hoping for ...Nxd4.} 14. Nce2 (14. Nb1 $17) 14... Qa5 $1 $19 15. Kb1 (15. Nxc6 $142 Bxc6 16. Ng3 Qxa2 17. Qxb4) 15... Qxh5 16. f5 e5 {[%emt 0:05:09] Against Nf4} 17. Nb3 a5 18. Nc5 Nd4 {[%emt 0:15:56] Black is clearly winning.} ({Not} 18... Qxh2 $2 19. Nb7 Nd4 20. Nxd4 exd4 21. Rh1 $19) 19. Nxd4 Rxc5 20. Nf3 Qg4 21. Qe1 Bc6 22. Nd2 Kd7 23. Nb3 Rb5 24. Qe3 Rc8 25. h3 Qxg2 26. Rg1 Qxe4 27. Nc5+ {[%emt 0:05:32] [#]} Rxc5 $1 28. Qxc5 Ba4 29. Qxa5 Bxc2+ 30. Ka1 Bxd1 31. Rxd1 Qc2 32. Rb1 Qc5 {[%emt 0:02:22] White got outplayed after the opening.  Weighted Error Value: White=0.81/Black=0.17 (very precise)} 0-1

[Event "58th Akiba Rubinstein B 2022"]
[Site "Polanica-Zdroj"]
[Date "2022.08.17"]
[Round "5.14"]
[White "Kowalczyk, Wojciech"]
[Black "Mocko, Maciej"]
[Result "0-1"]
[ECO "B23"]
[WhiteElo "1835"]
[BlackElo "1525"]
[Annotator "NA RC"]
[PlyCount "80"]
[EventDate "2022.08.13"]
[EventCountry "POL"]
[SourceTitle "playchess.com"]
[Source "ChessBase"]
[SourceQuality "1"]
[TimeControl "40/5400+30:1800+30"]

1. e4 c5 2. Nc3 g6 3. f4 Bg7 4. Nf3 Nc6 5. Bb5 Nd4 6. Bd3 d6 7. Nxd4 cxd4 8. Ne2 Nf6 9. O-O O-O 10. Kh1 e5 11. c3 dxc3 12. bxc3 d5 13. fxe5 Nxe4 14. Qc2 Bxe5 15. Bxe4 Qh4 16. g3 Qxe4+ 17. Qxe4 dxe4 18. Nf4 Rd8 19. Re1 Bxf4 20. gxf4 f5 21. Rb1 b6 22. Kg1 Be6 23. Rb2 Rd3 24. Re3 Rad8 25. Kf2 Bc4 26. Ke1 Kg7 27. a4 Kh6 28. Rb4 Rxe3+ 29. dxe3 Bd3 30. Kf2 Rd5 31. h4 Bc2 32. Rd4 Rxd4 33. cxd4 Bxa4 34. Ba3 Bc6 35. Ke2 Kh5 36. Be7 Kg4 37. Kd2 Bd5 38. Bd8 b5 39. Ba5 Kxh4 40. Kc3 Kg4 0-1

[Event "58th Akiba Rubinstein B 2022"]
[Site "Polanica-Zdroj"]
[Date "2022.08.17"]
[Round "5.14"]
[White "Rzenca, Jerzy"]
[Black "Bartlomowicz, Jakub"]
[Result "*"]
[ECO "B23"]
[WhiteElo "1668"]
[BlackElo "1922"]
[Annotator "NA RC"]
[PlyCount "28"]
[EventDate "2022.08.13"]
[EventCountry "POL"]
[SourceTitle "playchess.com"]
[Source "ChessBase"]
[SourceQuality "1"]
[TimeControl "40/5400+30:1800+30"]

1. e4 c5 2. Nc3 g6 3. f4 Bg7 4. Nf3 Nc6 5. Bb5 Nd4 6. Bd3 d6 7. Nxd4 cxd4 8. Ne2 Nf6 9. O-O O-O 10. Kh1 e5 11. c3 dxc3 12. bxc3 d5 13. fxe5 Nxe4 14. Qc2 Bxe5 *

[Event "58th Akiba Rubinstein B 2022"]
[Site "Polanica-Zdroj"]
[Date "2022.08.17"]
[Round "5.15"]
[White "Lewandrowski, Tomasz"]
[Black "Wesolek, Krzysztof"]
[Result "*"]
[WhiteElo "1902"]
[BlackElo "1747"]
[Annotator "NA RC"]
[PlyCount "28"]
[EventDate "2022.08.13"]
[EventCountry "POL"]
[SourceTitle "playchess.com"]
[Source "ChessBase"]
[SourceQuality "1"]
[TimeControl "40/5400+30:1800+30"]

1. e4 e6 2. Nf3 d5 3. Nc3 Nf6 4. e5 Nfd7 5. d4 c5 6. dxc5 Bxc5 7. Bd3 Nc6 8. Bf4 Qb6 9. O-O Qxb2 10. Nb5 Rb8 11. a3 a6 12. Qd2 axb5 13. Rfb1 Bxa3 14. Rxb2 Bxb2 *

[Event "58th Akiba Rubinstein B 2022"]
[Site "Polanica-Zdroj"]
[Date "2022.08.17"]
[Round "5.15"]
[White "Hury, Tymoteusz"]
[Black "Latacz, Grzegorz"]
[Result "1-0"]
[ECO "C11"]
[WhiteElo "1679"]
[BlackElo "1449"]
[Annotator "NA RC"]
[PlyCount "117"]
[EventDate "2022.08.13"]
[EventCountry "POL"]
[SourceTitle "playchess.com"]
[Source "ChessBase"]
[SourceQuality "1"]
[TimeControl "40/5400+30:1800+30"]

1. e4 e6 2. Nf3 d5 3. Nc3 Nf6 4. e5 Nfd7 5. d4 c5 6. dxc5 Bxc5 7. Bd3 Nc6 8. Bf4 Qb6 9. O-O Qxb2 10. Nb5 Rb8 11. a3 a6 12. Qd2 axb5 13. Rfb1 Bxa3 14. Rxb2 Bxb2 15. Ra2 Bxe5 16. Nxe5 Ndxe5 17. Bxb5 O-O 18. h4 f6 19. Bg3 Bd7 20. c4 d4 21. Bxc6 Bxc6 22. Qxd4 Rbd8 23. Qc3 Nf7 24. Bc7 Rd7 25. Bb6 Ne5 26. Ra1 Nf7 27. Qh3 Re8 28. Qb3 Be4 29. Re1 Bc6 30. Qh3 e5 31. Qb3 Kh8 32. Ra1 h6 33. Qc2 Rc8 34. Qg6 Nd6 35. Qg4 Nf7 36. Qe6 Rf8 37. g4 Rg8 38. Kh2 Rf8 39. Be3 Rdd8 40. Rg1 Rd7 41. c5 Rdd8 42. Qf5 Bd5 43. Qh5 Kg8 44. Qg6 Kh8 45. g5 fxg5 46. hxg5 Nxg5 47. Bxg5 Rxf2+ 48. Kh3 Rf3+ 49. Kh4 hxg5+ 50. Rxg5 Rf4+ 51. Kg3 Rf7 52. Rh5+ Kg8 53. Qh7+ Kf8 54. Qh8+ Ke7 55. Rxe5+ Kf6 56. Qh5 g6 57. Qg5+ Kg7 58. Qxd8 Rf3+ 59. Kg4 1-0

[Event "58th Akiba Rubinstein B 2022"]
[Site "Polanica-Zdroj"]
[Date "2022.08.18"]
[Round "6.1"]
[White "Lukasiewicz, Anna"]
[Black "Zerebiec, Maurycy"]
[Result "1/2-1/2"]
[ECO "C07"]
[WhiteElo "1954"]
[BlackElo "1915"]
[Annotator "NA RC"]
[PlyCount "134"]
[EventDate "2022.08.13"]
[EventCountry "POL"]
[SourceTitle "playchess.com"]
[Source "ChessBase"]
[SourceQuality "1"]
[TimeControl "40/5400+30:1800+30"]

1. e4 e6 2. d4 d5 3. Nd2 c5 4. Ngf3 Be7 5. exd5 exd5 6. dxc5 Nc6 7. Nb3 Nf6 8. Be2 O-O 9. O-O Ne4 10. Be3 a5 11. a4 f5 12. c4 f4 13. Bc1 dxc4 14. Bxc4+ Kh8 15. Qxd8 Bxd8 16. Re1 Ng5 17. Bxf4 Nxf3+ 18. gxf3 Bf6 19. Bd6 Rd8 20. Re2 Bf5 21. Rae1 h5 22. Kg2 Kh7 23. Bd5 Rd7 24. Be4 g6 25. Bxf5 gxf5 26. f4 Rg8+ 27. Kf3 Rg4 28. h3 Rg6 29. Rd2 Bg7 30. Red1 Re6 31. Be5 Rxd2 32. Rxd2 Bxe5 33. fxe5 Nxe5+ 34. Kf4 Nc6 35. Kxf5 Re7 36. h4 Kg7 37. f4 Re3 38. Rd7+ Ne7+ 39. Kg5 Rg3+ 40. Kxh5 Kf8 41. Nd4 Ng8 42. Ne6+ Ke8 43. Rg7 Nf6+ 44. Kh6 Ng8+ 45. Kh7 Nf6+ 46. Kh8 Rh3 47. Rc7 Rxh4+ 48. Kg7 Nh5+ 49. Kg6 Nxf4+ 50. Nxf4 Rxf4 51. Rxb7 Rxa4 52. Kf5 Rd4 53. Ke5 Rd2 54. b3 Kd8 55. Rb5 Kc7 56. Rxa5 Rb2 57. Ra3 Kc6 58. Kd4 Kb5 59. Ra8 Rd2+ 60. Kc3 Rh2 61. b4 Rh3+ 62. Kd4 Rh4+ 63. Kd5 Rh5+ 64. Kd6 Rh6+ 65. Kd7 Rh7+ 66. Ke6 Rh6+ 67. Kf7 Kxb4 1/2-1/2

[Event "58th Akiba Rubinstein B 2022"]
[Site "Polanica-Zdroj"]
[Date "2022.08.18"]
[Round "6.2"]
[White "Chmiel, Marcin"]
[Black "Mielczarek, Daniel"]
[Result "1-0"]
[ECO "E16"]
[WhiteElo "2192"]
[BlackElo "1912"]
[Annotator "NA RC"]
[PlyCount "98"]
[EventDate "2022.08.13"]
[EventCountry "POL"]
[SourceTitle "playchess.com"]
[Source "ChessBase"]
[SourceQuality "1"]
[TimeControl "40/5400+30:1800+30"]

1. d4 Nf6 2. c4 e6 3. Nf3 b6 4. g3 Bb7 5. Bg2 Bb4+ 6. Bd2 Be7 7. O-O O-O 8. Nc3 d5 9. cxd5 Nxd5 10. Nxd5 Bxd5 11. Qc2 Nd7 12. e4 Bb7 13. Bf4 Bd6 14. e5 Be7 15. Ng5 Bxg5 16. Bxb7 Rb8 17. Bxg5 Qxg5 18. Qxc7 Qd8 19. Rac1 Nc5 20. Qxd8 Rfxd8 21. dxc5 Rxb7 22. Rfd1 Rxd1+ 23. Rxd1 f6 24. c6 Rc7 25. Rd7 Rxc6 26. exf6 gxf6 27. Rxa7 Rc2 28. b4 b5 29. a3 Ra2 30. g4 e5 31. Kg2 h6 32. h4 Kf8 33. h5 Kg8 34. Kf3 Kf8 35. Ke3 Rc2 36. Rb7 Rc3+ 37. Ke4 Rc4+ 38. Kf3 Rc3+ 39. Kg2 Rxa3 40. Rxb5 Kf7 41. Rb8 Rb3 42. b5 f5 43. gxf5 Kf6 44. b6 Kxf5 45. b7 Ke4 46. Kf1 Rb2 47. Ke1 Rb1+ 48. Kd2 Rb6 49. f3+ Kd5 1-0

[Event "58th Akiba Rubinstein B 2022"]
[Site "Polanica-Zdroj"]
[Date "2022.08.18"]
[Round "6.3"]
[White "Jaworski, Tymon"]
[Black "Twardowski, Hubert"]
[Result "1-0"]
[ECO "C88"]
[WhiteElo "1701"]
[BlackElo "1849"]
[Annotator "NA RC"]
[PlyCount "71"]
[EventDate "2022.08.13"]
[EventCountry "POL"]
[SourceTitle "playchess.com"]
[Source "ChessBase"]
[SourceQuality "1"]
[TimeControl "40/5400+30:1800+30"]

1. e4 e5 2. Nf3 Nc6 3. Bb5 a6 4. Ba4 Nf6 5. O-O b5 6. Bb3 Be7 7. Re1 d6 8. c3 Na5 9. Bc2 c5 10. d4 Qc7 11. Nbd2 O-O 12. Nf1 Rd8 13. d5 Bf8 14. Bg5 Qe7 15. Ng3 g6 16. b4 Nb7 17. a4 Bd7 18. Qe2 Rdc8 19. axb5 axb5 20. Bd3 c4 21. Bc2 Bg7 22. Qe3 Qd8 23. Ra7 Qc7 24. Rea1 Rxa7 25. Qxa7 Qb8 26. Qb6 Qc7 27. Ra6 h6 28. Be3 Qb8 29. Ra7 Nd8 30. Nd2 Be8 31. Qa6 Bf8 32. Ne2 g5 33. h4 g4 34. Ng3 h5 35. Bg5 Bg7 36. Nf5 1-0

[Event "58th Akiba Rubinstein B 2022"]
[Site "Polanica-Zdroj"]
[Date "2022.08.18"]
[Round "6.4"]
[White "Kossowski, Pawel"]
[Black "Trusz, Julia"]
[Result "1/2-1/2"]
[ECO "B04"]
[WhiteElo "1737"]
[BlackElo "1706"]
[Annotator "NA RC"]
[PlyCount "108"]
[EventDate "2022.08.13"]
[EventCountry "POL"]
[SourceTitle "playchess.com"]
[Source "ChessBase"]
[SourceQuality "1"]
[TimeControl "40/5400+30:1800+30"]

1. e4 Nf6 2. e5 Nd5 3. d4 d6 4. Nf3 dxe5 5. Nxe5 c6 6. Be2 Bf5 7. O-O Nd7 8. Nf3 N7f6 9. c4 Nb6 10. Nc3 Ne4 11. Nh4 Nxc3 12. bxc3 Be6 13. c5 Nd5 14. Qc2 g6 15. f4 Qd7 16. c4 Nf6 17. Bb2 Rg8 18. Rae1 Bh6 19. f5 gxf5 20. Nxf5 Bxf5 21. Qxf5 Qxf5 22. Rxf5 Bd2 23. Rd1 Be3+ 24. Kf1 O-O-O 25. Re5 Bf4 26. Rxe7 Bxh2 27. Rxf7 Ne4 28. Bf3 Ng5 29. Rf5 Rdf8 30. Rxf8+ Rxf8 31. Ke2 Nxf3 32. gxf3 Rg8 33. Kf2 Bg3+ 34. Ke3 h5 35. f4 h4 36. Kf3 h3 37. Rh1 h2 38. Bc1 Kd7 39. d5 b6 40. Be3 cxd5 41. cxb6 axb6 42. cxd5 Kd6 43. Bxb6 Kxd5 44. a4 Ke6 45. Bf2 Bxf2 46. Kxf2 Kf5 47. Rxh2 Kxf4 48. Rh4+ Ke5 49. Ke3 Kd5 50. Rh5+ Kc6 51. Kd3 Kb7 52. Kc4 Ka6 53. a5 Rg4+ 54. Kb3 Rg3+ 1/2-1/2

[Event "58th Akiba Rubinstein B 2022"]
[Site "Polanica-Zdroj"]
[Date "2022.08.18"]
[Round "6.5"]
[White "Smukowski, Bartosz"]
[Black "Halhoul, Adam"]
[Result "1/2-1/2"]
[ECO "D31"]
[WhiteElo "1696"]
[BlackElo "1672"]
[Annotator "NA RC"]
[PlyCount "61"]
[EventDate "2022.08.13"]
[EventCountry "POL"]
[SourceTitle "playchess.com"]
[Source "ChessBase"]
[SourceQuality "1"]
[TimeControl "40/5400+30:1800+30"]

1. d4 d5 2. c4 e6 3. Nc3 c6 4. e3 Bd6 5. Nf3 f5 6. Bd3 Nf6 7. O-O O-O 8. cxd5 exd5 9. Ne5 Bxe5 10. dxe5 Ng4 11. f4 Be6 12. h3 Nh6 13. Qe2 a5 14. Rd1 Nd7 15. b3 b5 16. Bb2 g5 17. Qh5 Nf7 18. g4 Nh8 19. Qh6 Nc5 20. gxf5 Nf7 21. Qh5 Nxd3 22. fxe6 Nfxe5 23. fxe5 Nxb2 24. Rd2 Qb6 25. Qxg5+ Kh8 26. Rg2 Qa7 27. e7 Rf7 28. e6 Rxe7 29. Qe5+ Rg7 30. e7 Qxe7 31. Qxe7 1/2-1/2

[Event "58th Akiba Rubinstein B 2022"]
[Site "Polanica-Zdroj"]
[Date "2022.08.18"]
[Round "6.6"]
[White "Owoc, Jakub"]
[Black "Jankowski, Aleksander"]
[Result "1-0"]
[ECO "B22"]
[WhiteElo "1756"]
[BlackElo "1715"]
[Annotator "NA RC"]
[PlyCount "81"]
[EventDate "2022.08.13"]
[EventCountry "POL"]
[SourceTitle "playchess.com"]
[Source "ChessBase"]
[SourceQuality "1"]
[TimeControl "40/5400+30:1800+30"]

1. e4 c5 2. c3 d5 3. exd5 Qxd5 4. d4 Nc6 5. Nf3 Bf5 6. Be3 Bxb1 7. Rxb1 cxd4 8. Nxd4 Nxd4 9. Qxd4 Qxd4 10. Bxd4 a6 11. Be2 Nf6 12. Bf3 O-O-O 13. O-O e6 14. b4 Nd5 15. a3 Be7 16. Bxg7 Rhg8 17. Be5 Rg5 18. Bg3 f5 19. c4 Nf6 20. Rfe1 Ne4 21. Bxe4 fxe4 22. Rxe4 Rg6 23. Kf1 Rd3 24. Re3 Rd4 25. c5 Bg5 26. Rc3 h5 27. Be5 Rd5 28. f4 Be7 29. Rc2 Rd3 30. a4 Ra3 31. c6 b5 32. axb5 axb5 33. c7 Ra4 34. Rd2 Rg8 35. Rbd1 Ra8 36. Rd7 Re8 37. Rxe7 Rxe7 38. Rd8+ Kb7 39. Rxa8 Kxa8 40. c8=Q+ Ka7 41. Qc5+ 1-0

[Event "58th Akiba Rubinstein B 2022"]
[Site "Polanica-Zdroj"]
[Date "2022.08.18"]
[Round "6.7"]
[White "Bartlomowicz, Jakub"]
[Black "Rogala, Milosz"]
[Result "1/2-1/2"]
[ECO "B01"]
[WhiteElo "1922"]
[BlackElo "1837"]
[Annotator "NA RC"]
[PlyCount "37"]
[EventDate "2022.08.13"]
[EventCountry "POL"]
[SourceTitle "playchess.com"]
[Source "ChessBase"]
[SourceQuality "1"]
[TimeControl "40/5400+30:1800+30"]

1. e4 d5 2. exd5 Qxd5 3. Nc3 Qd8 4. d4 Nf6 5. Bf4 c6 6. h3 g6 7. Nf3 Bg7 8. Be2 Nd5 9. Nxd5 cxd5 10. O-O O-O 11. Re1 Nc6 12. c3 a6 13. Qd2 Bd7 14. Ne5 Nxe5 15. dxe5 e6 16. Bg5 Qb6 17. Bf6 Bb5 18. Qf4 Rac8 19. Bxg7 1/2-1/2